 Dungeon Crawl Stone Soup version 0.32-a0-705-g60f233581c (webtiles) character file.

Game seed: 15451377655668103833

137 ezpacito the Chopper (level 5, -3/35 (41) HPs)
             Began as a Coglin Chaos Knight on Mar 14, 2024.
             Was a Plaything of Xom.
             Slain by an orc
             ... wielding a +2 flail of protection
              (8 damage)
             ... on level 2 of the Dungeon.
             The game lasted 00:03:08 (1613 turns).

ezpacito the Chopper (Coglin Chaos Knight)          Turns: 1613, Time: 00:03:08

HP:   -3/35 (41)    AC: 10    Str: 14    XL:     5   Next: 20%
MP:   5/5           EV:  6    Int: 11    God:    Xom [...*..]
Gold: 11            SH:  0    Dex: 14    Spells: 5/5 levels left

rFire   . . .        a - +0 hand axe (chaos) {Seojun}
rCold   . . .        d - +0 dagger {Manar}
rNeg    . . .        e - +0 chain mail
rPois   .            (no helmet)
rElec   .            o - +1 cloak {rCorr}
rCorr   +            (no gloves)
SInv    .            (no boots)
Will    .....        (amulet unavailable) Stlth
                     (ring unavailable)
HPRegen 0.25/turn    (ring unavailable)
MPRegen 0.09/turn    (no gizmo)

%: no passive effects
@: heavily drained, revved
A: off-hand wielding, slow wielding, warmup strikes, no jewellery
a: Invent Gizmo, Renounce Religion


You were on level 2 of the Dungeon.
You worshipped Xom.
You were a favourite toy of Xom.
You visited 1 branch of the dungeon, and saw 3 of its levels.

You collected 11 gold pieces.

Inventory:

Hand Weapons
 a - a +0 hand axe of chaos (weapon) {Seojun}
 d - a +0 dagger (offhand) {Manar}
Armour
 e - a +0 chain mail (worn)
 o - a +1 cloak of preservation (worn)
Wands
 l - a wand of warping (5)
Scrolls
 c - a scroll of butterflies
 f - a scroll of enchant weapon {unknown}
 g - a scroll of poison {unknown}
 i - a scroll of torment {unknown}
 j - 3 scrolls of identify {unknown}
 k - a scroll of amnesia {unknown}
 n - a scroll of vulnerability {unknown}
Potions
 b - a potion of haste {unknown}
 h - a potion of enlightenment {unknown}
 m - a potion of brilliance {unknown}


   Skills:
 * Level 3.4 Fighting
 * Level 3.7(3.9) Axes
 + Level 1.3(2.5) Polearms
 * Level 2.2 Armour
 * Level 1.8 Dodging
 + Level 1.2 Stealth
 + Level 0.6 Spellcasting
 + Level 1.0 Evocations


You had 5 spell levels left.
You didn't know any spells.
Your spell library contained the following spells:

 Spells                   Type           Power      Damage    Failure   Level
 Foxfire                  Conj/Fire      0%         2x1d4     99%         1
 Shock                    Conj/Air       0%         1d3       99%         1
 Blink                    Tloc           0%         N/A       100%        2
 Lesser Beckoning         Tloc           0%         N/A       100%        2
 Momentum Strike          Conj/Tloc      0%         3d8       100%        2
 Dazzling Flash           Conj/Hex       0%         N/A       100%        3
 Mephitic Cloud           Conj/Alch/Air  0%         N/A       100%        3
 Swiftness                Air            0%         N/A       100%        3
 Airstrike                Air            0%         2d(0-16)  100%        4
 Leda's Liquefaction      Alch/Erth      0%         N/A       100%        4
 Curse of Agony           Necr           0%         N/A       100%        5
 Lee's Rapid Deconstruct  Erth           0%         3d4*      100%        5
 Silence                  Hex/Air        0%         N/A       100%        5
 Permafrost Eruption      Ice/Erth       0%         2x4d2     100%        6
 Plasma Beam              Fire/Air       0%         2x1d10    100%        6
 Starburst                Conj/Fire      0%         6d3       100%        6


Dungeon Overview and Level Annotations

Branches:
Dungeon (3/15)

Altars:


Innate Abilities, Weirdness & Mutations

You can wield a second weapon in your off-hand.
It takes a long time for you to wield or remove held weapons.
Your first few attacks do less damage.
You cannot equip rings or amulets.


Message History

You barely miss the orc with your +0 hand axe of chaos.
You barely miss the orc with your +0 dagger.
The orc barely misses you. The orc closely misses you.
The orc hits you with a +2 flail of protection.
The orc barely misses you.
You take 5 damage, and have 14/34 hp.
You closely miss the orc with your +0 hand axe of chaos.
The orc is moderately wounded.
You hit the orc with your +0 hand axe of chaos.
The orc suddenly stops moving!
You hit the orc but do no damage.
The orc suddenly stops moving!
You barely miss the orc with your +0 dagger.
The orc hits you but does no damage.
You hit the orc with your +0 dagger.
The orc is severely wounded.
You hit the orc with your +0 hand axe of chaos.
Lightning courses through the orc!
You kill the orc!
The helpless orc fails to defend itself.
You hit the orc with your +0 hand axe of chaos.
You kill the orc!
The helpless orc fails to defend itself.
You hit the orc with your +0 hand axe of chaos.
Nothing appears to happen.
The orc is no longer paralysed.
The orc barely misses you. The orc hits you but does no damage.
Things that are here:
a +0 flail; an orc corpse The orc barely misses you.
You hit the orc but do no damage.
The orc becomes as fragile as glass!
The orc is heavily wounded.
You closely miss the orc with your +0 dagger.
The orc hits you with a +2 flail of protection!
* * * LOW HITPOINT WARNING * * *
The orc closely misses you.
You take 10 damage, and have 5/35 hp.
MASSIVE DAMAGE!!
You hit the orc but do no damage.
The orc is heavily wounded.
You closely miss the orc with your +0 hand axe of chaos.
The orc hits you with a +2 flail of protection!
You die...

#.#
#.######>####.##.#
#.# #.# #.# ######
#.# #.# #÷# #.#
#.######.# ##### #
#.# #........###
#÷.)# # #.#
#.#####....# #...#
# #.# #.# #.####
#...# ####.### #.#
#§# ##)## .......#
#.# #@# ♣♣.♣
.#####.# #.# #o#
♣.♣♣ .#
#.###.#####§####
♣♣.♣ .#
#........§§§§§.#
♣.♣♣ .#
#.###########§##
♣♣.♣♣ .#####.# #.#
♣...♣♣ ..)....#
#.# ♣....♣
######## #.#
##..## #.####....#


You could see an orc (fast, vitrified).

Vanquished Creatures
  A jelly (D:2)
  Terence (D:2)
  An adder (D:2)
  2 dart slugs (D:2)
  5 orcs
  3 endoplasms
  A giant cockroach (D:1)
  5 goblins
  7 hobgoblins
  6 jackals
  5 quokkas (D:1)
  3 ball pythons
  7 bats
  2 frilled lizards
  10 kobolds
  2 rats
61 creatures vanquished.

Vanquished Creatures (others)
  A jackal zombie (D:1)
1 creature vanquished.

Grand Total: 62 creatures vanquished

Notes
Turn   | Place    | Note
-------+----------+-------------------------------------------
     0 | D:1      | ezpacito the Coglin Chaos Knight began the quest for the
                  | Orb.
     0 | D:1      | Reached XP level 1. HP: 18/18 MP: 1/1
    17 | D:1      | XOM: silly message
    25 | D:1      | Reached skill level 1 in Dodging
    89 | D:1      | Reached XP level 2. HP: 20/24 MP: 2/2
   145 | D:1      | XOM: silly message
   261 | D:1      | Reached XP level 3. HP: 29/29 MP: 3/3
   467 | D:1      | Reached skill level 1 in Stealth
   662 | D:2      | Reached skill level 1 in Polearms
   891 | D:2      | Noticed Terence
   894 | D:2      | XOM: silly message
   912 | D:2      | XOM: smoke on damage
   915 | D:2      | Killed Terence
   916 | D:2      | Reached XP level 4. HP: 20/35 MP: 4/4
  1188 | D:2      | Found a runed translucent door.
  1189 | D:2      | Noticed Crazy Yiuf
  1480 | D:2      | Crazy Yiuf changed into Crazy Yiuf the jelly
  1480 | D:2      | Noticed Crazy Yiuf
  1481 | D:2      | Killed Crazy Yiuf the jelly
  1482 | D:2      | Reached skill level 1 in Evocations
  1482 | D:2      | Reached XP level 5. HP: 12/41 MP: 5/5
  1558 | D:2      | XOM: draining
  1605 | D:2      | XOM: fog
  1613 | D:2      | Slain by an orc

Illustrated notes

Levels and vault maps discovered:
D:1:      tarquinn_simple_flora_water_f, layout_basic
D:2:      layout_loops_ring, uniq_crazy_yiuf_cottage, uniq_terence
D:3:      layout_basic, serial_bayou_lagoon_a, minmay_surrounded

Skill      XL: |  1  2  3  4 |
---------------+-------------+-----
Dodging        | 1 |  1.8
Armour         | 2 |  2.2
Stealth        | 1 |  1.2
Polearms       | 1 |  1.3
Evocations     | 1 |  1.0
Fighting       | |  3.4
Axes           | |  3.7
Spellcasting   | |  0.6

Action                     |  1- 3 |  4- 6 || total
---------------------------+-------+-------++-------
  Melee: Hand axe          |   133 |    33 ||   166
         Dagger            |   124 |    30 ||   154
    Use: Potion            |     2 |       ||     2
   Stab: Petrifying        |     1 |       ||     1
         Paralysed         |       |     2 ||     2
 Armour: Chain mail        |   137 |    36 ||   173
         Leather armour    |     7 |       ||     7
  Dodge: Dodged            |    45 |    15 ||    60

Table legend: (Time is in decaauts)
 A = Elapsed time spent in this place.
 B = Non-inter-level travel time spent in this place.
 C = Inter-level travel time spent in this place.
 D = Time resting spent in this place.
 E = Time spent auto-exploring this place.
 F = Levels seen in this place.
 G = Mean time per level.
                   A        B        C        D        E       F      G
               +--------+--------+--------+--------+--------+-----+--------+
         Total |   1634 |   1593 |     41 |     91 |   1156 |   3 |  544.7 |
       Dungeon |   1634 |   1593 |     41 |     91 |   1156 |   3 |  544.7 |
               +--------+--------+--------+--------+--------+-----+--------+

Top non-repeatable levels by time:
     D:2: 1002 daAuts
     D:1: 624 daAuts
     D:3: 8 daAuts
